 Dungeon Crawl Stone Soup version 0.20.0-7-g3b7b877 (webtiles) character file.

21519 McKennaii the Quickloader (level 12, -1/96 HPs)
             Began as a Demonspawn Abyssal Knight on May 29, 2017.
             Was a High Priest of Lugonu.
             Slain by a cyan ugly thing (14 damage)
             ... on level 13 of the Dungeon.
             The game lasted 00:41:34 (13411 turns).

McKennaii the Quickloader (DsAK)                   Turns: 13411, Time: 00:41:36

Health: -1/96      AC: 14    Str: 21    XL:     12   Next: 54%
Magic:  14/14      EV: 23    Int: 18    God:    Lugonu [*****.]
Gold:   1088       SH:  0    Dex: 13    Spells: 11/11 levels left

rFire    . . .     SeeInvis .   f - +8 hand crossbow of Mayhem {elec, Fragile rPois MR- Int+8}
rCold    . . .     Gourm    .   (no shield)
rNeg     . . .     Faith    +   P - +1 steam dragon scales
rPois    +         Spirit   .   (no helmet)
rElec    .         Reflect  .   K - +0 cloak
rCorr    .         Harm     .   S - +1 pair of gloves {Str+3}
MR       .....     Rnd*Tele +   m - +0 pair of boots
Stlth    +++.......             H - amulet of faith
Regen    0.3/turn               O - ring of poison resistance
MPRegen  0.2/turn               w - +4 ring of evasion

@: mighty
A: yellow scales 2, [clumsy 2], [dopey 2], powered by pain 1, spiny 1,
[teleportitis 3]
a: Depart the Abyss, Bend Space, Banish, Corrupt, Enter the Abyss, Renounce
Religion


You were on level 13 of the Dungeon.
You worshipped Lugonu.
Lugonu was extremely pleased with you.
You were not hungry.

You visited 1 branch of the dungeon, and saw 13 of its levels.
You visited the Abyss 3 times.
You also visited: Ossuary.

You collected 1088 gold pieces.

Inventory:

Hand Weapons
 a - a +2 hand axe
 f - the +8 hand crossbow of Mayhem (weapon) {elec, Fragile rPois MR- Int+8}
   (You found it on level 2 of the Abyss)

   It charges the ammunition it shoots with electricity; occasionally upon a
   hit, such missiles may discharge and cause terrible harm.
   It affects your intelligence (+8).
   It protects you from poison.
   It affects your resistance to hostile enchantments.
   It will be destroyed if unequipped.
Missiles
 r - 4 bolts (quivered)
Armour
 m - a +0 pair of boots (worn)
 K - a +0 cloak (worn)
 P - +1 steam dragon scales (worn)
 S - a +1 pair of gloves of strength (worn)
Magical Staves
 y - an uncursed staff of cold
 N - an uncursed staff of energy
 T - an uncursed staff of air
Jewellery
 h - a +2 ring of evasion
 w - a +4 ring of evasion (right hand)
 D - an uncursed ring of fire
 H - an amulet of faith (around neck)
 J - an uncursed ring of resist corrosion
 O - a ring of poison resistance (left hand)
 Q - an uncursed ring of stealth
Wands
 b - a wand of flame (21/48)
 g - a wand of flame (33/48)
 F - a wand of polymorph (12/24)
 R - a wand of iceblast (7/15)
 V - a wand of confusion (39/48)
 W - a wand of random effects (16/48)
 X - a wand of acid (6/15)
Scrolls
 d - a scroll of identify
 e - 5 scrolls of remove curse
 i - 2 scrolls of amnesia
 l - 3 scrolls of enchant weapon
 n - a scroll of immolation
 o - 6 scrolls of teleportation
 s - 3 scrolls of fear
 t - 5 scrolls of enchant armour
 L - 3 scrolls of blinking
 M - 2 scrolls of magic mapping
 Y - a scroll of recharging
 Z - a scroll of holy word {unknown}
Potions
 j - 3 potions of lignification
 k - 5 potions of haste
 p - 7 potions of flight
 q - 5 potions of might
 u - a potion of invisibility
 x - 7 potions of curing
 z - 2 potions of resistance
 A - a potion of agility
 B - 2 potions of mutation
 C - 2 potions of heal wounds
 E - a potion of cancellation
 G - 2 potions of brilliance
Comestibles
 c - 5 bread rations
 v - 17 royal jellies
 I - 8 meat rations


   Skills:
 + Level 9.4 Fighting
 + Level 1.8 Axes
 + Level 11.1 Crossbows
 + Level 4.6 Armour
 + Level 11.0 Dodging
 + Level 7.3 Stealth
 + Level 3.1 Invocations


You had 11 spell levels left.
You didn't know any spells.

Dungeon Overview and Level Annotations

Branches:
Dungeon (13/15)            Temple (0/1) D:5            Lair (0/6) D:11
    Orc (0/2) D:12
 Vaults: D:13-14

Altars:
Gozag
Sif Muna
The Shining One
Beogh

Shops:
D:5 (   D:9 %

Annotations:
D:7 turnburgler's ghost, novice KoCK


Innate Abilities, Weirdness & Mutations

You are mostly covered in yellow scales. (AC +3)
You sometimes gain a little power by taking damage.
You are partially covered in sharp spines.
[You are very clumsy. (Dex -4)]
[You are very dopey. (Int -4)]
[You are often teleported next to monsters.]


Message History

You focus on the pain.
You feel very mighty all of a sudden.
Firing (i - inventory):
r - 6 bolts (quivered)
Press: ? - help, Shift-Dir - straight line, f/p - cyan ugly thing
Aim: a cyan ugly thing (lightly wounded)
You shoot a bolt.
The bolt closely misses the cyan ugly thing.
The cyan ugly thing is struck by your spines.
The cyan ugly thing headbutts you! The cyan ugly thing shocks you!
* * * LOW HITPOINT WARNING * * *
Firing (i - inventory):
r - 5 bolts (quivered)
Press: ? - help, Shift-Dir - straight line, f/p - cyan ugly thing
Aim: a cyan ugly thing (lightly wounded)
You shoot a bolt.
The bolt hits the cyan ugly thing but does no damage.
The cyan ugly thing is lightly wounded.
The cyan ugly thing headbutts you!
* * * LOW HITPOINT WARNING * * *
The cyan ugly thing shocks you!
You die...

#### #@.# ########. #u.#
#........ #..# .........
#(.###### .........
#(.......
........................
.###########........####
.# #####(...# .# #....#


You could see a cyan ugly thing.

Vanquished Creatures
  A hydra (D:11)
  Erolcha (D:13)
  The ghost of Gottschkopf the Blocker, a novice MiFi (D:10)
  6 two-headed ogres
  Urug (D:10)
  A cyclops (D:12)
  2 manticores
  3 deep elf magi (D:12)
  The ghost of DarkabusHale the Slinger, a novice HaHu (D:6)
  3 centaur zombies (D:12)
  A freezing wraith (D:11)
  A hornet (D:9)
  3 trolls
  A hippogriff (D:13)
  A fire bat (Abyss:3)
  7 yaks
  5 hungry ghosts
  2 steam dragons
  A neqoxec (Abyss:3)
  4 vampire mosquitoes (D:12)
  3 soldier ants
  2 porcupines (D:11)
  2 water moccasins
  7 orc warriors
  2 phantoms
  4 sky beasts
  4 black bears
  3 ice beasts
  4 ogres
  2 necrophages
  A crocodile (D:11)
  7 centaurs
  3 big kobolds
  5 bullfrogs
  6 scorpions
  A troll zombie (D:12)
  3 water moccasin zombies (Ossuary)
  A water moccasin skeleton (D:11)
  6 killer bees (D:10)
  8 wights (D:9)
  A howler monkey (D:11)
  5 crimson imps
  A bullfrog zombie (D:8)
  3 centaur skeletons
  4 hounds
  3 jellies
  5 orc priests
  4 bullfrog skeletons
  12 orc wizards
  3 iguanas
  6 worker ants
  2 big kobold zombies (Ossuary)
  3 hound skeletons
  2 mummies (Ossuary)
  9 gnolls
  8 adders
  4 shadow imps
  An adder skeleton (D:4)
  4 adder zombies
  4 worms
  3 dart slugs
  11 leopard geckos
  65 orcs
  2 bats
  6 giant cockroaches
  6 hobgoblins
  14 jackals
  17 kobolds
  7 quokkas
  3 ball pythons (D:5)
  5 frilled lizards
  2 gnoll zombies (Ossuary)
  3 goblins
  A goblin zombie (D:12)
  A hobgoblin skeleton (D:12)
  3 hobgoblin zombies
  3 kobold zombies (Ossuary)
  15 orc zombies
  2 quokka skeletons
  4 rats
377 creatures vanquished.

Vanquished Creatures (others)
  A kobold (D:12)
  12 fungi (D:11)
13 creatures vanquished.

Grand Total: 390 creatures vanquished

Notes
Turn   | Place    | Note
-------+----------+-------------------------------------------
     0 | Abyss:1  | McKennaii the Demonspawn Abyssal Knight began the quest for the Orb.
     0 | Abyss:1  | Reached XP level 1. HP: 18/18 MP: 2/2
    32 | Abyss:2  | Got an ancient hand crossbow
    71 | Abyss:2  | Noticed an ancient zyme
    90 | Abyss:2  | Noticed a large abomination
    97 | D:1      | Escaped the Abyss
   114 | D:1      | Identified the +8 hand crossbow of Mayhem {elec, Fragile rPois MR- Int+8} (You found it on level 2 of the Abyss)
   305 | D:1      | Reached skill level 1 in Dodging
   305 | D:1      | Gained mutation: You are partially covered in yellow scales. (AC +2) [demonic ancestry]
   305 | D:1      | Reached XP level 2. HP: 4/24 MP: 4/4
  1172 | D:1      | Reached * piety under Lugonu
  1298 | D:2      | Reached XP level 3. HP: 29/29 MP: 5/5
  1366 | D:2      | Reached skill level 1 in Crossbows
  1380 | D:2      | Reached XP level 4. HP: 36/36 MP: 6/6
  2251 | D:4      | Noticed a bullfrog
  2254 | D:4      | Killed a bullfrog
  2254 | D:4      | Gained mutation: You are partially covered in sharp spines. [demonic ancestry]
  2254 | D:4      | Reached XP level 5. HP: 42/42 MP: 7/7
  2286 | D:4      | Noticed a phantom
  2292 | D:4      | Killed a phantom
  2292 | D:4      | Reached skill level 1 in Stealth
  2292 | D:4      | Reached XP level 6. HP: 48/48 MP: 8/8
  2293 | D:4      | Reached ** piety under Lugonu
  2465 | D:4      | Found a sand-covered staircase.
  2471 | Ossuary  | Entered an ossuary
  2529 | Ossuary  | Reached skill level 5 in Crossbows
  2529 | Ossuary  | Reached XP level 7. HP: 39/54 MP: 9/9
  2759 | D:4      | Reached *** piety under Lugonu
  3039 | D:5      | Entered Level 5 of the Dungeon
  3041 | D:5      | Found a staircase to the Ecumenical Temple.
  3068 | D:5      | Found Nimias's Antique Weapon Boutique.
  3487 | D:6      | Gained mutation: You sometimes gain a little power by taking damage. [demonic ancestry]
  3487 | D:6      | Reached XP level 8. HP: 61/61 MP: 10/10
  3605 | D:6      | Reached skill level 5 in Fighting
  3699 | D:6      | Noticed DarkabusHale's ghost (novice HaHu)
  3709 | D:6      | Killed DarkabusHale's ghost
  4299 | D:7      | Noticed turnburgler's ghost (novice KoCK)
  4422 | D:7      | Reached **** piety under Lugonu
  4493 | D:7      | Gained mutation: You are mostly covered in yellow scales. (AC +3) [demonic ancestry]
  4493 | D:7      | Reached XP level 9. HP: 68/68 MP: 11/11
  4665 | D:7      | Paralysed by turnburgler's ghost for 7 turns
  4717 | D:6      | HP: 3/68 [scorpion (6)]
  4724 | D:6      | HP: 2/102 [poisoned by a scorpion]
  4731 | D:6      | HP: 2/102 [poisoned by a scorpion]
  4739 | D:6      | HP: 2/102 [poisoned by a scorpion]
  5434 | D:8      | Noticed a manticore
  5440 | D:8      | Killed a manticore
  5600 | D:8      | Noticed a two-headed ogre
  5605 | D:8      | Killed a two-headed ogre
  5627 | D:8      | Reached XP level 10. HP: 77/77 MP: 12/12
  5756 | D:8      | Reached skill level 10 in Crossbows
  6372 | D:7      | Cast into level 3 of the Abyss (turnburgler's ghost)
  6390 | Abyss:3  | Noticed a spatial maelstrom
  6396 | Abyss:3  | Found a corrupted altar of Lugonu.
  6440 | Abyss:3  | Noticed a large abomination
  6452 | Abyss:3  | Noticed a tentacled starspawn
  6459 | Abyss:3  | Noticed a bone dragon
  6473 | Abyss:3  | Noticed a hell hog
  6494 | D:7      | Escaped the Abyss
  6821 | D:9      | Found a deep blue altar of Sif Muna.
  7260 | D:9      | Reached skill level 5 in Dodging
  7491 | D:9      | Found Uteowny's Food Shop.
  8047 | D:10     | Entered Level 10 of the Dungeon
  8166 | D:10     | Reached ***** piety under Lugonu
  8355 | D:10     | Noticed Gottschkopf's ghost (novice MiFi)
  8481 | D:10     | Noticed Urug
  8489 | D:10     | Killed Urug
  8489 | D:10     | Reached skill level 5 in Stealth
  8531 | D:10     | Found a roughly hewn altar of Beogh.
  9019 | D:10     | Reached XP level 11. HP: 40/86 MP: 13/13
  9021 | D:10     | Killed Gottschkopf's ghost
  9463 | D:11     | Found a staircase to the Lair.
  9538 | D:11     | Noticed a two-headed ogre
  9549 | D:11     | Killed a two-headed ogre
  9769 | D:11     | Found a glowing golden altar of the Shining One.
  9785 | D:11     | Noticed a five-headed hydra
  9820 | D:11     | Killed a five-headed hydra
 10069 | D:11     | Noticed a two-headed ogre
 10074 | D:11     | Killed a two-headed ogre
 10663 | D:12     | Found a staircase to the Orcish Mines.
 10664 | D:12     | Noticed a deep elf mage
 10889 | D:12     | Noticed a deep elf mage
 10942 | D:12     | Killed a deep elf mage
 11093 | D:12     | Reached XP level 12. HP: 59/95 MP: 14/14
 11263 | D:12     | Noticed a two-headed ogre
 11270 | D:12     | Killed a two-headed ogre
 11485 | D:12     | Reached skill level 10 in Dodging
 12183 | D:12     | Reached ****** piety under Lugonu
 12250 | D:13     | Noticed a two-headed ogre
 12255 | D:13     | Killed a two-headed ogre
 12597 | D:13     | Found an opulent altar of Gozag.
 12828 | D:13     | Noticed Erolcha
 12828 | D:13     | Cast into level 1 of the Abyss (Erolcha)
 12974 | Abyss:2  | Noticed a starcursed mass
 13078 | Abyss:2  | Found a viscous altar of Jiyva.
 13098 | Abyss:2  | Noticed a black draconian stormcaller
 13098 | D:13     | Escaped the Abyss
 13104 | D:13     | Killed Erolcha
 13400 | D:13     | Noticed a two-headed ogre
 13408 | D:13     | Killed a two-headed ogre
 13411 | D:13     | Slain by a cyan ugly thing

Skill      XL: |  1  2  3  4  5  6  7  8  9 10 11 12 |
---------------+-------------------------------------+-----
Dodging        | 1 2 3 6 9 11 | 11.0
Armour         | 2 3 4 |  4.6
Crossbows      | 1 2 3 5 6 8 9 10 11 | 11.1
Fighting       | 4 5 6 7 9 |  9.4
Stealth        | 1 2 3 5 6 7 |  7.3
Invocations    | 3 |  3.1
Axes           | |  1.8

Action                   |  1- 3 |  4- 6 |  7- 9 | 10-12 || total
-------------------------+-------+-------+-------+-------++-------
Melee: Hand crossbow     |    10 |       |    46 |   739 ||   795
 Fire: Hand crossbow     |    33 |    83 |   194 |   231 ||   541
Invok: Depart the Abyss  |     1 |       |       |     2 ||     3
  Use: Potion            |       |       |     2 |     3 ||     5
       Scroll            |       |       |     1 |    28 ||    29
 Stab: Sleeping          |       |       |       |    12 ||    12
       Distracted        |       |       |       |     3 ||     3
  Eat: Chunk             |     1 |     3 |    13 |    24 ||    41
       Fruit             |       |       |     1 |     3 ||     4
       Royal jelly       |       |       |     1 |       ||     1
       Meat ration       |       |       |       |     1 ||     1
Armor: Leather armour    |    14 |     3 |    20 |       ||    37
       Steam dragon scal |       |       |       |   242 ||   242
Dodge: Dodged            |    78 |    14 |   109 |   943 ||  1144
